 Dungeon Crawl Stone Soup version 0.29-a0-266-gf56f883ddd (webtiles) character file.

Game seed: 4075478067029721247

1423180 freelancePsychic the Storm Dragon (level 25, 216/216 HPs)
             Began as a Black Draconian Hedge Wizard on Mar 6, 2022.
             Was a High Priest of Sif Muna.
             Escaped with the Orb
             ... and 3 runes!
             The game lasted 03:46:15 (94505 turns).

freelancePsychic the Storm Dragon (DrWz)           Turns: 94505, Time: 03:46:15

Health: 216/216    AC: 21    Str: 13    XL:     25   Next: 55%
Magic:  27/50      EV: 23    Int: 25    God:    Sif Muna [*****.]
Gold:   3964       SH:  9    Dex: 18    Spells: 9/61 levels left

rFire   + + .      SeeInvis .   a - staff of air
rCold   + . .      Faith    .   l - +3 buckler {AC+3}
rNeg    . . .      Spirit   .   (body armour unavailable)
rPois   .          Reflect  .   i - +2 hat
rElec   +          Harm     .   U - scarf {rC+ rF+}
rCorr   .          Rampage  .   D - +0 pair of gloves
Will    +....      Clarity  +   u - +2 pair of boots {Stlth+}
Stlth   ++........              x - amulet of the Equinox {Regen+ Stlth+}
HPRegen 1.26/turn               v - ring of wizardry
MPRegen 0.32/turn               A - ring "Nimufu" {rF+ Dex+6}

@: flying, studying Fighting
A: breathe lightning, AC +12, unfitting armour, big wings, electricity
resistance, cold-blooded, clarity, frail 1, high MP 1, screaming 1, subdued
magic 1
0: Orb of Zot
}: 3/15 runes: decaying, slimy, gossamer
a: Breathe Lightning, Renounce Religion, Channel Magic, Forget Spell, Divine
Exegesis


You escaped.
You worshipped Sif Muna.
Sif Muna was extremely pleased with you.
You visited 11 branches of the dungeon, and saw 53 of its levels.
You also visited: Ice Cave.

You collected 6317 gold pieces.
You spent 2353 gold pieces at shops.

Inventory:

Missiles
 C - 5 throwing nets (quivered)
Armour
 g - a +1 tower shield of cold resistance
 i - a +2 hat (worn)
 l - a +3 buckler of protection (worn)
 p - the +0 pair of boots of Wecs {rF+ SInv}
   (You bought it in a shop on level 1 of the Depths)

   rF:        It protects you from fire.
   SInv:      It lets you see invisible.
 u - a +2 pair of boots of stealth (worn)
 D - a +0 pair of gloves (worn)
 U - a scarf of resistance (worn)
Magical Staves
 a - a staff of air (weapon)
 b - a staff of cold
Jewellery
 v - a ring of wizardry (left hand)
 x - the amulet of the Equinox (around neck) {Regen+ Stlth+}
   (You found it on level 5 of the Pits of Slime)

   [amulet of regeneration]

   Regen:     It increases your rate of health regeneration.
   Stlth:     It makes you more stealthy.
 A - the ring "Nimufu" (right hand) {rF+ Dex+6}
   (You found it on level 5 of the Pits of Slime)

   [ring of dexterity]

   Dex:       It affects your dexterity (+6).
   rF:        It protects you from fire.
 K - a ring of willpower
 Z - a +6 ring of intelligence
Wands
 o - a wand of flame (75)
 r - a wand of acid (17)
 y - a wand of iceblast (30)
 E - a wand of polymorph (34)
 P - a wand of mindburst (29)
 Q - a wand of paralysis (57)
 X - a wand of digging (8)
Scrolls
 f - 3 scrolls of blinking
 h - 21 scrolls of identify {@r1}
 j - 2 scrolls of silence
 k - 4 scrolls of fog
 s - 8 scrolls of amnesia
 z - 3 scrolls of torment
 B - 2 scrolls of fear
 I - 12 scrolls of teleportation {@r4}
 J - a scroll of summoning
 N - 4 scrolls of holy word
 O - a scroll of brand weapon
 R - 4 scrolls of enchant weapon
 S - a scroll of enchant armour
 T - 8 scrolls of immolation
Potions
 c - 10 potions of attraction
 d - 5 potions of might
 e - 3 potions of berserk rage
 m - 6 potions of curing {@q1}
 n - 4 potions of mutation
 q - 2 potions of haste {@q3}
 w - 2 potions of heal wounds {@q2}
 F - 10 potions of lignification
 G - a potion of brilliance
 H - 8 potions of ambrosia
 M - 4 potions of magic
 V - 4 potions of cancellation
Miscellaneous
 L - a condenser vane


   Skills:
 + Level 22.7 Fighting
 - Level 5.0 Short Blades
 - Level 17.0 Dodging
 - Level 5.0 Stealth
 - Level 4.9 Shields
 + Level 18.8 Spellcasting
 - Level 19.4 Conjurations
 - Level 1.0 Summonings
 - Level 1.0 Translocations
 - Level 3.9 Fire Magic
 - Level 8.1 Ice Magic
 O Level 27 Air Magic
 - Level 2.4 Poison Magic
 - Level 15.0 Invocations


You had 9 spell levels left.
You knew the following spells:

 Your Spells              Type           Power      Damage    Failure   Level
a - Chain Lightning       Conj/Air       51%        3d68      6%          9
b - Mephitic Cloud        Conj/Pois/Air  88%        N/A       0%          3
c - Conjure Ball Lightni  Conj/Air       51%        3x3d18    0%          6
d - Orb of Destruction    Conj           37%        9d11      1%          7
e - Lightning Bolt        Conj/Air       51%        1d72      0%          5
f - Maxwell's Capacitive  Air            55%        ∞         1%          8
g - Magic Dart            Conj           100%       1d8       0%          1
h - Irradiate             Conj/Tmut      26%        3d22      1%          5
i - Ozocubu's Armour      Ice            49%        N/A       1%          3
j - Freezing Cloud        Conj/Ice/Air   46%        6-21      0%          5

Your spell library contained the following spells:

 Spells                   Type           Power      Damage    Failure   Level
 Foxfire                  Conj/Fire      100%       2x1d9     0%          1
 Shock                    Conj/Air       100%       1d9       0%          1
 Corpse Rot               Necr/Air       100%       N/A       0%          2
 Poisonous Vapours        Pois/Air       100%       N/A       0%          2
 Searing Ray              Conj           100%       2d8       0%          2
 Static Discharge         Conj/Air       100%       N/A       0%          2
 Swiftness                Air            100%       N/A       0%          3
 Airstrike                Air            55%        N/A       0%          4
 Iskenderun's Battlesphe  Conj           75%        2d12      0%          5
 Animate Skeleton         Necr           36%        N/A       1%          1
 Apportation              Tloc           42%        N/A       1%          1
 Freeze                   Ice            100%       1d11      1%          1
 Pain                     Necr           72%        1d7       1%          1
 Sandblast                Erth           36%        2d10      1%          1
 Slow                     Hex            72%        N/A       1%          1
 Sting                    Tmut/Pois      88%        1d7       1%          1
 Summon Small Mammal      Summ           84%        N/A       1%          1
 Blink                    Tloc           42%        N/A       1%          2
 Call Imp                 Summ           21%        N/A       1%          2
 Ensorcelled Hibernation  Hex/Ice        66%        N/A       1%          2
 Passwall                 Tmut/Erth      15%        N/A       1%          2
 Sublimation of Blood     Necr           18%        N/A       1%          2
 Wereblood                Tmut           18%        N/A       1%          2
 Call Canine Familiar     Summ           21%        N/A       1%          3
 Conjure Flame            Conj/Fire      58%        6-21      1%          3
 Dazzling Flash           Conj/Hex       100%       N/A       1%          3
 Frozen Ramparts          Ice            98%        1d11      1%          3
 Gell's Gravitas          Tloc           21%        N/A       1%          3
 Ignite Poison            Fire/Tmut/Pois 26%        N/A       1%          3
 Inner Flame              Hex/Fire       25%        N/A       1%          3
 Portal Projectile        Hex/Tloc       40%        N/A       1%          3
 Spider Form              Tmut/Pois      22%        N/A       1%          3
 Stone Arrow              Conj/Erth      100%       3d13      1%          3
 Summon Guardian Golem    Hex/Summ       20%        N/A       1%          3
 Teleport Other           Tloc           21%        N/A       1%          3
 Flame Wave               Conj/Fire      58%        2d11      1%          4
 Fulminant Prism          Conj/Hex       26%        3d14      1%          4
 Hailstorm                Conj/Ice       63%        3d13      1%          4
 Ice Form                 Ice/Tmut       33%        N/A       1%          4
 Iskenderun's Mystic Bla  Conj/Tloc      55%        2d12      1%          4
 Sticky Flame             Conj/Fire      58%        2d7       1%          4
 Summon Ice Beast         Ice/Summ       35%        N/A       1%          4
 Summon Lightning Spire   Summ/Air       82%        N/A       1%          4
 Fireball                 Conj/Fire      29%        3d13      1%          5
 Silence                  Hex/Air        40%        N/A       1%          5
 Starburst                Conj/Fire      29%        6d9       1%          6
 Tukima's Dance           Hex            18%        N/A       2%          3
 Vampiric Draining        Necr           18%        2d7       2%          3
 Iron Shot                Conj/Erth      26%        9d6       2%          6
 Storm Form               Tmut/Air       40%        N/A       2%          7
 Olgreb's Toxic Radiance  Pois           27%        N/A       3%          4
 Metabolic Englaciation   Hex/Ice        16%        N/A       4%          5
 Passage of Golubria      Tloc           21%        N/A       6%          4
 Anguish                  Hex/Necr       9%         N/A       9%          4
 Animate Dead             Necr           9%         N/A       9%          4
 Cause Fear               Hex            9%         N/A       9%          4
 Dispel Undead            Necr           18%        3d11      9%          4
 Leda's Liquefaction      Hex/Erth       9%         N/A       9%          4
 Petrify                  Tmut/Erth      18%        N/A       9%          4
 Spellforged Servitor     Conj/Summ      27%        N/A       12%         7
 Alistair's Intoxication  Tmut/Pois      14%        N/A       14%         5
 Manifold Assault         Tloc           21%        N/A       16%         5
 Summon Forest            Summ/Tloc      10%        N/A       16%         5
 Summon Mana Viper        Hex/Summ       20%        N/A       21%         5
 Blade Hands              Tmut           9%         N/A       24%         5
 Borgnjor's Vile Clutch   Necr/Erth      9%         N/A       24%         5
 Excruciating Wounds      Necr           9%         N/A       24%         5
 Lee's Rapid Deconstruct  Erth           9%         3d8*      24%         5
 Yara's Violent Unravell  Hex/Tmut       9%         3d6       24%         5
 Simulacrum               Ice/Necr       16%        N/A       26%         6
 Ozocubu's Refrigeration  Ice            24%        4d9       26%         7
 Eringya's Noxious Bog    Tmut/Pois      11%        N/A       61%         6
 Dispersal                Tloc           10%        N/A       65%         6
 Summon Cactus Giant      Summ           10%        N/A       65%         6
 Lehudib's Crystal Spear  Conj/Erth      26%        10d7      71%         8
 Statue Form              Tmut/Erth      12%        N/A       77%         6
 Malign Gateway           Summ/Tloc      10%        N/A       99%         7
 Summon Hydra             Summ           10%        N/A       99%         7
 Dragon Form              Tmut           9%         N/A       100%        7
 Enfeeble                 Hex            9%         N/A       100%        7
 Ignition                 Fire           16%        3d7       100%        8
 Necromutation            Tmut/Necr      9%         N/A       100%        8
 Dragon's Call            Summ           10%        N/A       100%        9
 Fire Storm               Conj/Fire      29%        8d7       100%        9
 Polar Vortex             Ice            24%        N/A       100%        9


Dungeon Overview and Level Annotations

Branches:
Dungeon (15/15)            Temple (1/1) D:6            Lair (6/6) D:9
  Swamp (4/4) Lair:2       Spider (4/4) Lair:2        Slime (5/5) Lair:6
    Orc (2/2) D:9             Elf (3/3) Orc:2        Vaults (4/5) D:13
  Crypt (0/3) Vaults:2     Depths (4/4) D:15            Zot (5/5) Depths:4
  IceCv (visited)

Altars:
Ashenzari
Gozag
Hepliaklqana
Kikubaaqudgha
Okawaru
Sif Muna
Trog
Uskayaw
Wu Jian
Xom
Yredelemnul
Zin
The Shining One
Beogh
Jiyva

Shops:
D:6 [   D:7 *   Orc:2 !(**[   Elf:1 [   Elf:2 *=   Depths:1 ((:*   Depths:2 =

Portals:
Hell: Depths:1 Depths:2 Depths:3 Depths:4
Abyss: Depths:2 Depths:3 Depths:4
Pandemonium: Depths:2
Ziggurat: Depths:2
Trove: D:11 (show slimy rune of Zot)

Annotations:
D:3 exclusion: door
Elf:2 3 runed translucent doors
Vaults:3 36 runed doors
Zot:2 exclusion: door


Innate Abilities, Weirdness & Mutations

You can breathe wild blasts of lightning.
Your glossy black scales are hard. (AC +12)
You cannot fit into any form of body armour.
Your large and strong wings let you fly.
You are resistant to electric shocks. (rElec)
You are cold-blooded and may be slowed by cold attacks.
You possess an exceptional clarity of mind.
You are frail. (-10% HP)
You have an increased reservoir of magic. (+10% MP)
You occasionally shout uncontrollably at your foes.
Your spells are a little easier to cast, but a little less powerful.


Message History

You see here a +0 robe.
An Orb Guardian comes into view.
Casting: Chain Lightning (dangerous; 6% risk of failure)
Confirm with . or Enter, or press ? or * to list all spells.
You feel a surge of power! Lightning arcs from your hands!
The bolt of lightning hits the Orb Guardian!!!!
You kill the Orb Guardian!
Sif Muna accepts your kill. The bolt of lightning hits you. You resist.
Training target 17.0 for Dodging reached!
Your Dodging skill increases to level 17!
(D) Dungeon (T) Temple (L) Lair (S) Swamp (N) Spider Nest (M) Slime Pits (O) Orcish Mines (E) Elven Halls (V) Vaults (C) Crypt (U) Depths (H) Hell (Z) Zot
Where to? (Enter - D:1, ? - help) HP restored.
There is an open door here.
There is a stone staircase leading up here.
You fly upwards.
There is a stone staircase leading down here.
There is a stone staircase leading up here.
You fly upwards.
There is a stone staircase leading down here.
A Hell Sentinel comes into view.
Casting: Chain Lightning (dangerous; 6% risk of failure)
Confirm with . or Enter, or press ? or * to list all spells.
You feel a surge of power!
You begin accumulating electric charge. (Press . to continue charging.)
You feel charge building up...
You feel charge building up...
You feel charge building up...
You feel charge building up...
The electricity discharges through the Hell Sentinel!
The Hell Sentinel vaporises in an electric haze!
You kill the Hell Sentinel!
Sif Muna accepts your kill.
There is a large open door here.
There is a staircase leading out of the dungeon here.
You have escaped!

#####......#######.......#.#
##.P...## ##..###.#.#
#.♣...#P#######.###.#.#
#...♣.#♣.'.P###..##.#.#
#..♣P.#.P#.♣P###...#..#
##.....####..P####.#.### #
#^.....P.#P..P#♣P#...#
#####.P......'...♣#P.'.###
.......♣.♣...'..@P#P.'.#
######.P.P...#...♣#♣P#.#
....#......####..♣####.#
###.#......#P.#.PP###..#
##.......♣.#..'.P###...#
#......♣...#♣#######...#
.......♣P.P# ##...##
..........P#######.....#######
..........###......##........#


There were no monsters in sight!

Vanquished Creatures
  the Royal Jelly (Slime:5)
  Dissolution (Slime:4)
  A seraph (D:12)
  2 ancient liches (Zot:5)
  11 orbs of fire
  A juggernaut (Depths:3)
  Vv (Zot:2)
  3 Killer Klowns (Zot:5)
  A curse toe (Zot:2)
  4 caustic shrikes (Depths:4)
  2 pandemonium lords
  Nikola (Vaults:2)
  3 golden dragons
  4 bone dragons
  A Brimstone Fiend (Depths:4)
  4 electric golems
  2 Hell Sentinels
  9 tentacled monstrosities
  28 Orb Guardians
  3 liches
  A walking frostbound tome (Depths:3)
  2 quicksilver dragons
  A deep elf master archer (Elf:3)
  A walking divine tome (Depths:4)
  An Executioner (Zot:2)
  16 acid blobs
  5 death cobs
  Kirke (Swamp:3)
  3 sphinxes
  3 shadow dragons
  A tengu reaver (Depths:4)
  3 draconian monks
  11 storm dragons
  15 rockslimes
  5 fire giants
  2 fenstrider witches
  6 emperor scorpions (Spider:4)
  16 azure jellies
  13 vault wardens
  4 iron dragons
  12 frost giants
  5 deep elf sorcerers
  A balrug (Depths:1)
  2 orc warlords
  4 spectral caustic shrikes (Depths:2)
  6 draconian shifters
  7 draconian scorchers
  A curse skull (Depths:2)
  6 ghost moths
  An angel (D:12)
  A draconian annihilator (Zot:1)
  A broodmother (Spider:1)
  A reaper (Depths:2)
  8 quicksilver oozes
  6 draconian stormcallers
  14 ironbound preservers
  5 ghouls
  25 very ugly things
  5 ironbound thunderhulks
  A deep elf elementalist (Elf:2)
  A juggernaut skeleton (Depths:2)
  6 deep elf demonologists
  8 stone giants
  A vampire knight (Depths:1)
  10 green draconians
  10 white draconians
  5 black draconians
  2 eleionomae (Swamp:3)
  3 deep elf annihilators
  2 purple draconians
  7 bunyips
  17 dire elephants
  5 red draconians
  4 yellow draconians
  A lorocyproca (Zot:2)
  3 entropy weavers
  8 spark wasps
  A spark wasp (shapeshifter) (Depths:3)
  An ettin (shapeshifter) (Depths:4)
  2 deep elf death magi (Elf:3)
  2 green deaths (Swamp:4)
  4 ettins
  10 yaktaur captains
  A crystal guardian (Vaults:2)
  9 fire dragons
  4 merfolk javelineers (Depths:1)
  7 ice dragons
  11 great orbs of eyes
  7 boulder beetles
  19 hydras
  3 rakshasas
  4 vault guards
  3 spriggan air magi
  A jorogumo (shapeshifter) (D:13)
  A peacekeeper (Vaults:2)
  A ghost crab (Spider:2)
  2 jorogumos (Spider:3)
  3 spriggan skeletons (Depths:2)
  8 ironbound frosthearts
  2 hell beasts
  13 centaur warriors
  3 death knights
  3 radroaches
  6 deep troll shamans
  10 dancing weapons
  9 alligators
  A death scarab (Spider:4)
  8 tengu warriors
  8 deep troll earth magi
  2 two-headed ogres
  4 vampire magi
  2 thrashing horrors (Swamp:4)
  4 spriggan berserkers
  4 orc high priests
  7 death yaks (IceCv)
  Urug (D:11)
  7 hell knights (Depths:4)
  Sonja (D:11)
  2 soul eaters
  7 iron trolls
  21 deep elf knights
  2 titan skeletons (Depths:2)
  5 pharaoh ants
  Nergalle (D:11)
  A quicksilver dragon simulacrum (Depths:1)
  13 skeletal warriors
  3 storm dragon skeletons (Depths:2)
  2 goliath frogs
  An orb spider (shapeshifter) (Elf:2)
  4 swamp dragons
  13 bog bodies
  10 orb spiders
  19 ironbound convokers
  50 deep trolls
  6 steelbarb worms
  5 sun moths
  16 deep elf archers
  5 wizards
  3 spriggan druids
  A glowing orange brain (Vaults:1)
  5 lindwurms
  5 phantasmal warriors
  A shadow demon (D:8)
  21 deep elf zephyrmancers
  12 harpies
  A golden dragon skeleton (Depths:2)
  37 deep elf pyromancers
  A lindwurm (shapeshifter) (Depths:1)
  6 orc knights
  2 shining eyes
  A shadow dragon skeleton (Depths:2)
  21 moths of wrath
  A shining eye (shapeshifter) (Vaults:2)
  3 necromancers
  25 wolf spiders
  5 orc sorcerers
  5 cyclopes
  5 manticores
  A tengu skeleton (Depths:2)
  41 ugly things
  A frost giant zombie (Vaults:2)
  3 sphinx skeletons (Depths:2)
  2 will-o-the-wisps
  An elephant (shapeshifter) (D:15)
  An elf zombie (Vaults:2)
  A toenail golem (D:5)
  6 black mambas
  5 fire giant skeletons (Depths:2)
  A rust devil (Depths:2)
  9 elephants
  3 frost giant skeletons (Depths:2)
  15 vault sentinels
  3 smoke demons
  19 cane toads
  2 stone giant skeletons (Depths:2)
  2 eyes of devastation (Slime:3)
  3 orange demons
  2 gargoyles (D:13)
  An ice statue (IceCv)
  5 torpor snails
  2 unseen horrors
  9 rime drakes
  An unseen horror (shapeshifter) (Elf:2)
  2 freezing wraiths (D:15)
  12 komodo dragons
  6 demonic crawlers
  A kobold demonologist (D:12)
  33 yaktaurs
  6 tengu conjurers
  An ice devil (Depths:2)
  2 hellwings
  6 meliai (Spider:4)
  2 guardian mummies (D:11)
  13 tyrant leeches
  5 trolls
  A troll (shapeshifter) (Depths:3)
  A bloated husk (Swamp:2)
  11 polar bears
  21 hornets
  25 tarantellas
  5 dream sheep
  79 slime creatures
  39 blink frogs
  15 flying skulls (Depths:2)
  A human simulacrum (Vaults:2)
  A large abomination (Swamp:4)
  26 jumping spiders
  22 water elementals
  5 air elementals
  23 culicivoras
  A vampire (D:11)
  5 wraiths
  2 shadows (Swamp:4)
  26 spriggans
  A ynoxinul (D:8)
  3 fire elementals
  5 basilisks
  A wyvern (Lair:4)
  58 yaks
  A human (Swamp:3)
  2 neqoxecs (Depths:2)
  3 steam dragons
  A chaos spawn (Depths:2)
  53 redbacks
  12 vampire mosquitoes
  6 wargs
  Edmund (D:6)
  10 swamp worms
  An acid dragon (D:9)
  16 water moccasins
  A floating eye (shapeshifter) (D:13)
  A small abomination (Swamp:4)
  6 black bears
  4 swamp drakes
  30 orc warriors
  3 sky beasts
  3 ogres
  3 boggarts
  7 centaurs
  43 wolves
  8 kobold brigands
  Blork the orc (D:6)
  A human zombie (Vaults:2)
  12 bullfrogs
  A scorpion (D:5)
  A gnoll sergeant (D:9)
  5 earth elementals
  4 necrophages
  12 killer bees
  3 howler monkeys
  2 electric eels
  A gnoll shaman (D:10)
  9 hounds
  A jelly (D:7)
  12 orc priests
  5 iguanas
  26 orc wizards
  18 gnolls
  5 adders
  A shadow imp (D:7)
  2 white imps
  2 worms (D:3)
  A dart slug (D:2)
  71 orcs
  3 bats (D:1)
  8 endoplasms
  2 giant cockroaches
  9 goblins
  11 hobgoblins
  A quokka (D:3)
  6 ball pythons
  A frilled lizard (D:2)
  23 kobolds
  10 rats
2034 creatures vanquished.

Vanquished Creatures (collateral kills)
  2 deep elf master archers (Elf:3)
  2 deep elf blademasters (Elf:3)
  2 deep elf elementalists (Elf:3)
  6 deep elf sorcerers (Elf:3)
  3 very ugly things (Vaults:1)
  A deep elf demonologist (Elf:3)
  5 deep elf annihilators (Elf:3)
  3 deep elf death magi (Elf:3)
  6 deep elf high priests (Elf:3)
  A yaktaur captain (Vaults:1)
  A deep elf knight (Elf:3)
  4 deep elf zephyrmancers (Elf:3)
  4 ugly things (Vaults:1)
  A yaktaur (Vaults:1)
  A komodo dragon (Lair:1)
  A phantom (D:5)
  An earth elemental (Elf:3)
  3 killer bees
  A jelly (D:4)
  A gnoll shaman (D:3)
  An orc (D:4)
  33 ball lightnings
83 creatures vanquished.

Vanquished Creatures (others)
  A bunyip (Swamp:2)
  A deep elf death mage (Elf:3)
  A hydra (Swamp:1)
  A deep elf zephyrmancer (Elf:3)
  A deep elf pyromancer (Elf:3)
  4 bloated husks
  A spriggan (Swamp:3)
  4 humans (Swamp:3)
  An electric eel (D:9)
  A hound (D:6)
  An orc wizard (D:8)
  1632 ball lightnings
  4 foxfires
  63 fungi
  79 plants
1795 creatures vanquished.

Grand Total: 3912 creatures vanquished

Notes
Turn   | Place    | Note
-------+----------+-------------------------------------------
     0 | D:1      | freelancePsychic the Draconian Hedge Wizard began the quest
                  | for the Orb.
     0 | D:1      | Reached XP level 1. HP: 14/14 MP: 4/4
   271 | D:1      | Reached XP level 2. HP: 14/22 MP: 1/6
   444 | D:1      | Reached skill level 1 in Fighting
  1262 | D:1      | Found a faded altar of an unknown god.
  1284 | D:1      | Prayed at the altar of an unknown god.
  1284 | D:1      | Became a worshipper of Sif Muna the Loreminder
  1284 | D:1      | Reached * piety under Sif Muna
  1686 | D:2      | Reached XP level 3. HP: 24/28 MP: 7/7
  2124 | D:2      | Found an ornate altar of the Wu Jian Council.
  2466 | D:3      | Found a bloodstained altar of Trog.
  2750 | D:3      | Reached ** piety under Sif Muna
  2790 | D:3      | Reached skill level 1 in Invocations
  2998 | D:3      | Reached XP level 4. HP: 26/36 MP: 0/9
  3084 | D:3      | Found a hazy altar of Hepliaklqana.
  3085 | D:3      | Found an ancient bone altar of Kikubaaqudgha.
  3085 | D:3      | Found a basalt altar of Yredelemnul.
  3093 | D:3      | Found a shimmering altar of Xom.
  4328 | D:3      | Reached XP level 5. HP: 31/42 MP: 8/10
  4667 | D:3      | Learned a level 3 spell: Mephitic Cloud
  4738 | D:4      | Learned a level 2 spell: Call Imp
  5137 | D:4      | Reached skill level 1 in Poison Magic
  5329 | D:4      | Reached skill level 1 in Air Magic
  5517 | D:4      | Reached XP level 6. HP: 37/51 MP: 12/12
  6315 | D:5      | Entered Level 5 of the Dungeon
  6502 | D:5      | Reached skill level 2 in Air Magic
  6502 | D:5      | Your scales start taking on a glossy black colour.
  6502 | D:5      | Reached XP level 7. HP: 57/57 MP: 13/13
  6502 | D:5      | Gained mutation: You are resistant to electric shocks.
                  | (rElec) [Black Draconian growth]
  6508 | D:5      | Found an opulent altar of Gozag.
  7397 | D:6      | Reached skill level 3 in Air Magic
  7469 | D:6      | Noticed Edmund
  7469 | D:6      | Noticed a steam dragon
  7547 | D:5      | Reached skill level 1 in Short Blades
  7827 | D:6      | Killed a steam dragon
  7931 | D:6      | Killed Edmund
  7932 | D:6      | Reached skill level 4 in Air Magic
  7932 | D:6      | Reached XP level 8. HP: 52/67 MP: 11/14
  8156 | D:6      | You fall into a shaft and drop 2 floors!
  8208 | D:7      | Reached *** piety under Sif Muna
  8413 | D:7      | Reached skill level 5 in Fighting
  8434 | D:7      | Found Yzorotou's Neck Hole.
  8444 | D:7      | Bought a +1 cloak for 149 gold pieces
  8490 | D:7      | Reached skill level 5 in Air Magic
  8696 | D:7      | Noticed a hornet
  8967 | D:7      | Found a broken altar of Ashenzari.
  9096 | D:7      | Killed a hornet
  9097 | D:7      | Reached skill level 6 in Air Magic
  9097 | D:7      | Reached XP level 9. HP: 57/75 MP: 15/15
  9288 | D:7      | Found a glowing silver altar of Zin.
  9406 | D:6      | Reached skill level 5 in Stealth
  9511 | D:6      | Found a staircase to the Ecumenical Temple.
  9519 | Temple   | Entered the Ecumenical Temple
  9990 | D:6      | Found Raunig's Antique Armour Emporium.
 10000 | D:6      | Bought a pair of gloves for 121 gold pieces
 10011 | D:6      | Noticed Blork the orc
 10024 | D:6      | Killed Blork the orc
 10025 | D:6      | Reached skill level 5 in Short Blades
 10101 | D:6      | Found a shimmering blue altar of Sif Muna.
 10225 | D:8      | Reached skill level 7 in Air Magic
 10892 | D:9      | Noticed a troll
 10945 | D:9      | Killed a troll
 10946 | D:9      | Reached XP level 10. HP: 75/88 MP: 14/17
 11022 | D:9      | Reached **** piety under Sif Muna
 11126 | D:9      | Reached skill level 5 in Spellcasting
 11176 | D:9      | Found a staircase to the Lair.
 11237 | D:9      | Found a staircase to the Orcish Mines.
 11588 | D:9      | Learned a level 4 spell: Sticky Flame
 11610 | D:9      | Reached skill level 5 in Invocations
 12351 | D:9      | Reached skill level 5 in Conjurations
 12492 | D:10     | Entered Level 10 of the Dungeon
 12693 | D:10     | Noticed a brown ugly thing
 12717 | D:10     | Killed a brown ugly thing
 12718 | D:10     | Reached skill level 1 in Fire Magic
 12897 | D:10     | Identified the +1 whip "Pane" {flame, Dex+7}
 13401 | Lair:1   | Entered Level 1 of the Lair of Beasts
 13550 | Lair:1   | Noticed a cane toad
 13550 | Lair:1   | Noticed a cane toad
 13572 | Lair:1   | Killed a cane toad
 13581 | Lair:1   | Killed a cane toad
 14038 | Lair:1   | Noticed a four-headed hydra
 14061 | Lair:1   | Killed a four-headed hydra
 14062 | Lair:1   | Reached XP level 11. HP: 65/95 MP: 2/20
 14923 | Lair:2   | Noticed a bog body
 14923 | Lair:2   | Found a staircase to the Swamp.
 15291 | Lair:2   | Reached ***** piety under Sif Muna
 15507 | Lair:2   | Received a gift from Sif Muna
 15508 | Lair:2   | Got Jawn's Reference Book on Malediction and Feathers {god
                  | gift}
 15515 | Lair:2   | Learned a level 5 spell: Lightning Bolt
 15534 | Lair:2   | Found a hole to the Spider Nest.
 15534 | Lair:2   | Noticed an orb spider
 15538 | Lair:2   | Killed an orb spider
 15683 | Lair:2   | Killed a bog body
 15684 | Lair:2   | Reached skill level 10 in Fighting
 15684 | Lair:2   | Reached XP level 12. HP: 91/106 MP: 8/23
 16253 | Lair:2   | Reached skill level 8 in Air Magic
 17070 | Lair:3   | Reached skill level 9 in Air Magic
 18144 | Lair:4   | Reached skill level 10 in Air Magic
 18146 | Lair:4   | Reached skill level 5 in Dodging
 18182 | Lair:4   | Reached skill level 10 in Conjurations
 19103 | Lair:5   | Reached XP level 13. HP: 97/113 MP: 9/25
 19571 | Lair:5   | Reached skill level 11 in Air Magic
 20155 | Lair:5   | Upgraded the game from 0.29-a0-251-g80730f7218 to
                  | 0.29-a0-266-gf56f883ddd
 20156 | Lair:5   | Reached skill level 1 in Ice Magic
 21417 | Lair:6   | Entered Level 6 of the Lair of Beasts
 21417 | Lair:6   | Found a staircase to the Slime Pits.
 21417 | Lair:6   | Found a viscous altar of Jiyva.
 21650 | Lair:6   | Reached skill level 5 in Ice Magic
 23917 | Lair:5   | Received a gift from Sif Muna
 23920 | Lair:5   | Got Sif Muna's Tome of Gliding Sinister Rites {god gift}
 24052 | Lair:5   | Learned a level 6 spell: Conjure Ball Lightning
 24056 | Lair:5   | Learned a level 3 spell: Ozocubu's Armour
 24196 | Lair:6   | Paralysed by a hornet for 1 turns
 24490 | Lair:6   | Gained mutation: Your large and strong wings let you fly.
                  | [Black Draconian growth]
 24490 | Lair:6   | Reached XP level 14. HP: 47/122 MP: 6/26
 25246 | Lair:6   | Reached skill level 12 in Air Magic
 26215 | Orc:1    | Entered Level 1 of the Orcish Mines
 26416 | Orc:2    | Entered Level 2 of the Orcish Mines
 26600 | Orc:1    | Reached skill level 1 in Shields
 26960 | Orc:2    | Noticed an orc warlord
 26977 | Orc:2    | Killed an orc warlord
 27709 | Orc:2    | Received a gift from Sif Muna
 27710 | Orc:2    | Got Sif Muna's Grimoire of Conjuration and Necromancy {god
                  | gift}
 27789 | Orc:2    | Found Rahocutz's Antique Armour Shop.
 27789 | Orc:2    | Found Bueffeb's Antique Weapon Emporium.
 27791 | Orc:2    | Found Lopaykke's Assorted Antiques.
 27791 | Orc:2    | Found Jiopokki's Assorted Antiques.
 27806 | Orc:2    | Bought a fizzy grey potion for 20 gold pieces
 27806 | Orc:2    | Bought a fuming dark potion for 20 gold pieces
 27808 | Orc:2    | Bought a pair of embroidered boots for 172 gold pieces
 27935 | Orc:2    | Found a staircase to the Elven Halls.
 27957 | Orc:2    | Learned a level 5 spell: Freezing Cloud
 28083 | Orc:2    | Found Qolyohep's Distillery.
 28091 | Orc:2    | Bought a potion of invisibility for 136 gold pieces
 28091 | Orc:2    | Bought a potion of brilliance for 68 gold pieces
 28091 | Orc:2    | Bought a potion of brilliance for 68 gold pieces
 28091 | Orc:2    | Bought a potion of curing for 51 gold pieces
 28160 | Elf:1    | Entered Level 1 of the Elven Halls
 28666 | D:11     | Noticed Urug
 28670 | D:11     | Killed Urug
 28698 | D:11     | Noticed Nergalle
 28703 | D:11     | Killed Nergalle
 28905 | D:11     | Noticed Sonja
 28907 | D:11     | Killed Sonja
 29506 | D:11     | Found a portal to a secret trove of treasure.
 29510 | D:11     | Reached skill level 10 in Spellcasting
 30371 | D:12     | Reached skill level 13 in Air Magic
 30765 | D:13     | Found a frozen archway.
 30777 | IceCv    | Entered an ice cave
 30792 | IceCv    | Reached skill level 10 in Invocations
 30813 | IceCv    | Reached XP level 15. HP: 93/128 MP: 0/29
 31671 | IceCv    | Noticed a frost giant
 31676 | IceCv    | Killed a frost giant
 32975 | D:13     | Found a gate to the Vaults.
 34560 | D:14     | Reached skill level 14 in Air Magic
 35294 | D:15     | Entered Level 15 of the Dungeon
 36426 | D:15     | Received a gift from Sif Muna
 36427 | D:15     | Got Kemies's Catalogue of Conjuration {god gift}
 36439 | D:15     | Noticed a frost giant
 36454 | D:15     | Killed a frost giant
 36763 | D:15     | Found a staircase to the Depths.
 36816 | D:15     | Learned a level 8 spell: Maxwell's Capacitive Coupling
 37044 | Spider:1 | Entered Level 1 of the Spider Nest
 37234 | Spider:1 | Reached XP level 16. HP: 133/138 MP: 19/31
 37368 | Spider:1 | Reached skill level 15 in Air Magic
 39397 | Spider:2 | Reached skill level 16 in Air Magic
 39518 | Swamp:1  | Entered Level 1 of the Swamp
 40579 | Swamp:2  | Noticed a tentacled monstrosity
 41161 | Swamp:2  | Reached skill level 17 in Air Magic
 41345 | Swamp:2  | Killed a tentacled monstrosity
 41988 | Swamp:3  | Noticed Kirke
 41994 | Swamp:3  | Killed Kirke
 43071 | Swamp:4  | Entered Level 4 of the Swamp
 43215 | Swamp:3  | Reached XP level 17. HP: 149/149 MP: 2/32
 43693 | Swamp:4  | Reached skill level 18 in Air Magic
 43766 | Swamp:4  | Paralysed by a fenstrider witch for 2 turns
 44572 | Swamp:4  | Reached skill level 10 in Dodging
 45016 | Swamp:4  | Paralysed by a great orb of eyes for 7 turns
 45458 | Swamp:4  | Reached skill level 19 in Air Magic
 45643 | Swamp:4  | Got a decaying rune of Zot
 46216 | Elf:1    | HP: 4/152 [deep elf knight/shard of ice (13)]
 46506 | Elf:1    | Found Molic's Armour Shop.
 47475 | Elf:2    | Noticed an Ice Fiend
 47476 | Elf:2    | Received a gift from Sif Muna
 47601 | Elf:2    | Got Sif Muna's Reference Book on Freezing Flames {god gift}
 47692 | Elf:2    | Reached XP level 18. HP: 154/161 MP: 24/33
 47735 | Elf:2    | Found Vaiwoos's Jewellery Shoppe.
 47739 | Elf:2    | Paralysed by an air elemental for 1 turns
 47747 | Elf:2    | Paralysed by an air elemental for 1 turns
 47754 | Elf:1    | Paralysed by an air elemental for 1 turns
 47766 | Elf:1    | Paralysed by an air elemental for 1 turns
 48050 | Elf:1    | Paralysed by an air elemental for 1 turns
 48052 | Elf:1    | Paralysed by an air elemental for 1 turns
 48599 | Elf:2    | Found a runed translucent gate.
 48635 | Elf:2    | Found a runed translucent gate.
 48638 | Elf:2    | Found a runed translucent gate.
 48728 | Elf:2    | Found Kinigov's CLEARANCE SALE!.
 49228 | Elf:3    | Entered Level 3 of the Elven Halls
 50069 | Elf:3    | Found a shimmering altar of Xom.
 50135 | Elf:3    | Found a hide-covered altar of Uskayaw.
 51162 | Spider:2 | Reached skill level 15 in Fighting
 51271 | Spider:2 | Reached skill level 20 in Air Magic
 52628 | Spider:2 | Received a gift from Sif Muna
 52629 | Spider:2 | Got Zufybam's Guide on Dusty Attacks {god gift}
 54651 | Spider:4 | Entered Level 4 of the Spider Nest
 54973 | Spider:4 | Received a gift from Sif Muna
 55293 | Spider:4 | Reached XP level 19. HP: 87/170 MP: 0/35
 56256 | Spider:4 | Received a gift from Sif Muna
 56586 | Spider:4 | Identified the +0 hat of Tioc {Dex+3}
 56612 | Spider:4 | Got a gossamer rune of Zot
 57166 | Vaults:1 | Entered Level 1 of the Vaults
 58139 | Vaults:1 | Reached skill level 21 in Air Magic
 58141 | Vaults:1 | Received a gift from Sif Muna
 58158 | Vaults:1 | Reached skill level 15 in Conjurations
 58167 | Vaults:1 | Got Xamoz's Handbook of Hurtful Feathers {god gift}
 59570 | Vaults:1 | Learned a level 7 spell: Orb of Destruction
 60300 | Vaults:2 | Found a staircase to the Crypt.
 60363 | Vaults:2 | Reached XP level 20. HP: 175/176 MP: 29/37
 60366 | Vaults:2 | Noticed Nikola
 60376 | Vaults:2 | Killed Nikola
 61336 | Vaults:2 | You are sucked into a shaft and drop 1 floor!
 61428 | Vaults:3 | HP: 4/180 [yaktaur/bolt[a yaktaur captain] (26)]
 61758 | Vaults:3 | Reached skill level 22 in Air Magic
 62093 | Vaults:3 | Found a huge runed gate.
 62093 | Vaults:3 | Found a huge runed gate.
 62093 | Vaults:3 | Found a huge runed gate.
 62093 | Vaults:3 | Found a huge runed gate.
 62093 | Vaults:3 | Found a huge runed gate.
 62093 | Vaults:3 | Found a huge runed gate.
 62094 | Vaults:3 | Found a huge runed gate.
 62094 | Vaults:3 | Found a huge runed gate.
 62094 | Vaults:3 | Found a huge runed gate.
 62094 | Vaults:3 | Found a huge runed gate.
 62094 | Vaults:3 | Found a huge runed gate.
 62273 | Vaults:3 | Found a huge runed gate.
 62274 | Vaults:3 | Found a huge runed gate.
 62275 | Vaults:3 | Found a huge runed gate.
 62283 | Vaults:3 | Found a huge runed gate.
 62283 | Vaults:3 | Found a huge runed gate.
 62283 | Vaults:3 | Found a huge runed gate.
 62283 | Vaults:3 | Found a huge runed gate.
 62283 | Vaults:3 | Found a huge runed gate.
 62284 | Vaults:3 | Found a huge runed gate.
 62285 | Vaults:3 | Found a huge runed gate.
 62286 | Vaults:3 | Found a huge runed gate.
 62287 | Vaults:3 | Found a huge runed gate.
 62295 | Vaults:3 | Found a huge runed gate.
 62295 | Vaults:3 | Found a huge runed gate.
 62295 | Vaults:3 | Found a huge runed gate.
 62295 | Vaults:3 | Found a huge runed gate.
 62295 | Vaults:3 | Found a huge runed gate.
 62295 | Vaults:3 | Found a huge runed gate.
 62296 | Vaults:3 | Found a huge runed gate.
 62297 | Vaults:3 | Found a huge runed gate.
 63683 | Vaults:3 | Found a huge runed gate.
 63684 | Vaults:3 | Found a huge runed gate.
 63685 | Vaults:3 | Found a huge runed gate.
 63686 | Vaults:3 | Found a huge runed gate.
 63687 | Vaults:3 | Found a huge runed gate.
 63752 | Vaults:3 | Learned a level 9 spell: Chain Lightning
 65492 | Vaults:4 | Reached skill level 15 in Spellcasting
 65912 | Vaults:4 | Received a gift from Sif Muna
 65913 | Vaults:4 | Got Etwo's Incunabulum of Transmigration {god gift}
 66495 | Vaults:4 | Reached XP level 21. HP: 138/188 MP: 32/40
 66496 | Vaults:4 | Reached skill level 23 in Air Magic
 67641 | Elf:3    | Paralysed by an air elemental for 1 turns
 67645 | Elf:3    | Paralysed by an air elemental for 1 turns
 67683 | Elf:3    | Identified the +8 dire flail of Defiance {holy, Dex+4}
 68060 | Elf:3    | Got the Tome of Feathers and Darkness
 68065 | Elf:3    | Found the +8 mithril axe "Arga" {speed, Will+}
 68127 | Elf:3    | Identified the +8 morningstar "Diduf" {spect, rElec}
 68148 | Elf:3    | Identified the +6 arbalest "Newtslayer" {freeze, Int+3 SInv
                  | Stlth+}
 68592 | Depths:1 | Entered Level 1 of the Depths
 68881 | Depths:1 | Paralysed by a vampire knight for 5 turns
 69077 | Depths:1 | Received a gift from Sif Muna
 69078 | Depths:1 | Got Riradir's Almanac of Execration {god gift}
 69811 | Depths:1 | Reached skill level 24 in Air Magic
 70163 | Depths:1 | Found Omeq's Assorted Antiques.
 70163 | Depths:1 | Found Poizacor's Antique Weapon Boutique.
 70165 | Depths:1 | Found Okeigergh's Weapon Boutique.
 70169 | Depths:1 | Found Bapsag's Book Shop.
 70172 | Depths:1 | Bought a pair of fading boots for 304 gold pieces
 70172 | Depths:1 | Identified the +0 pair of boots of Wecs {rF+ SInv} (You
                  | bought it in a shop on level 1 of the Depths)
 70594 | Depths:1 | Found a gateway to Hell.
 70795 | Depths:1 | Found a glowing golden altar of the Shining One.
 72035 | Depths:1 | Reached XP level 22. HP: 190/195 MP: 14/42
 72797 | Depths:2 | Found a one-way gateway to a ziggurat.
 73257 | Depths:2 | Found a one-way gate leading to the halls of Pandemonium.
 73537 | Depths:2 | Found a one-way gate to the infinite horrors of the Abyss.
 73638 | Depths:2 | Found an iron altar of Okawaru.
 73662 | Depths:2 | Found Ynej's Jewellery Emporium.
 73968 | Depths:2 | Received a gift from Sif Muna
 75316 | Depths:3 | Noticed a juggernaut
 75356 | Depths:3 | Killed a juggernaut
 75357 | Depths:3 | Reached skill level 25 in Air Magic
 76312 | Depths:3 | Received a gift from Sif Muna
 76313 | Depths:3 | Got Sif Muna's Tome of Aerial Companions {god gift}
 76779 | Depths:2 | Bought a ring of wizardry for 420 gold pieces
 77121 | Depths:3 | Identified the +11 morningstar of Mop Roppux {freeze, Will-
                  | Int-5 Dex+8 SInv}
 77442 | Depths:3 | Identified the ring "Gowkazui" {rElec rPois}
 77527 | Depths:3 | Identified the +7 dagger "Qolerun" {drain, rN+}
 78095 | Depths:4 | Entered Level 4 of the Depths
 78603 | Depths:4 | Noticed a caustic shrike
 78604 | Depths:4 | Noticed a caustic shrike
 78606 | Depths:4 | Noticed a caustic shrike
 78606 | Depths:4 | Noticed a caustic shrike
 78607 | Depths:4 | Killed a caustic shrike
 78610 | Depths:4 | Killed a caustic shrike
 78610 | Depths:4 | Killed a caustic shrike
 78610 | Depths:4 | Killed a caustic shrike
 78876 | Depths:4 | Reached XP level 23. HP: 192/205 MP: 16/44
 80219 | Depths:4 | Found a gate to the Realm of Zot.
 80899 | Slime:1  | Entered Level 1 of the Pits of Slime
 81409 | Slime:1  | Received a gift from Sif Muna
 81410 | Slime:1  | Got Sif Muna's Handbook of Transmigration and Air {god
                  | gift}
 82712 | Slime:4  | Noticed Dissolution
 82714 | Slime:4  | Killed Dissolution
 82838 | Slime:5  | Entered Level 5 of the Pits of Slime
 83543 | Slime:5  | Noticed the Royal Jelly
 83543 | Slime:5  | Gained mutation: You occasionally shout uncontrollably at
                  | your foes. [a shining eye]
 83544 | Slime:5  | Gained mutation: Your magical capacity is low. (-10% MP) [a
                  | shining eye]
 84483 | Slime:5  | Killed the Royal Jelly
 84682 | Slime:5  | Identified the ring "Nimufu" {rF+ Dex+6}
 84684 | Slime:5  | Got a slimy rune of Zot
 84692 | Slime:5  | Identified the +8 morningstar of Reapportionment {flame,
                  | Int+3}
 84716 | Slime:5  | Identified the amulet of Jiavview {Reflect *Slow rElec
                  | Slay+3 SH+5}
 84718 | Slime:5  | Identified the amulet of the Equinox {Regen+ Stlth+}
 84736 | Slime:5  | Identified the ring of Ascent {rF+ Str+4 SInv}
 84747 | Slime:5  | Identified the +7 spear "Kaerphude" {vorpal, rElec rF+
                  | Int+5}
 84765 | Slime:5  | Identified the ring of Wiolabry {Fly rCorr Str+2 Int-5
                  | SInv}
 85458 | Zot:1    | Entered Level 1 of the Realm of Zot
 85573 | Depths:1 | Bought a potion of magic for 256 gold pieces
 85573 | Depths:1 | Bought a scroll of fear for 112 gold pieces
 85844 | Orc:2    | Bought a potion of might for 152 gold pieces
 85844 | Orc:2    | Bought a potion of heal wounds for 190 gold pieces
 85844 | Orc:2    | Bought a scroll of teleportation for 114 gold pieces
 86713 | Zot:1    | Received a gift from Sif Muna
 86847 | Zot:1    | Got Sif Muna's Catalogue of Transmutation {god gift}
 87391 | Depths:4 | Learned a level 5 spell: Irradiate
 87397 | Zot:1    | Reached skill level 15 in Dodging
 87729 | Zot:1    | Reached XP level 24. HP: 199/221 MP: 22/40
 88247 | Zot:2    | Noticed an orb of fire
 88369 | Zot:1    | Reached skill level 26 in Air Magic
 88403 | Zot:2    | Gained mutation: You have hidden genetic defects. [an orb
                  | of fire]
 88405 | Zot:2    | Killed an orb of fire
 88406 | Zot:2    | Lost mutation: Your magical capacity is low. (-10% MP)
                  | [potion of mutation]
 88406 | Zot:2    | Lost mutation: You have hidden genetic defects. [potion of
                  | mutation]
 88406 | Zot:2    | Gained mutation: Your muscles are strong. (Str +2) [potion
                  | of mutation]
 88406 | Zot:2    | Gained mutation: You are occasionally teleported next to
                  | monsters. [potion of mutation]
 88406 | Zot:2    | Gained mutation: You are agile. (Dex +2) [potion of
                  | mutation]
 88407 | Zot:2    | Lost mutation: You are agile. (Dex +2) [potion of mutation]
 88407 | Zot:2    | Lost mutation: Your muscles are strong. (Str +2) [potion of
                  | mutation]
 88407 | Zot:2    | Lost mutation: You occasionally shout uncontrollably at
                  | your foes. [potion of mutation]
 88407 | Zot:2    | Gained mutation: You are frail. (-10% HP) [potion of
                  | mutation]
 88407 | Zot:2    | Lost mutation: You are frail. (-10% HP) [potion of
                  | mutation]
 88407 | Zot:2    | Gained mutation: You have a pair of small horns on your
                  | head. [potion of mutation]
 88408 | Zot:2    | Lost mutation: You have a pair of small horns on your head.
                  | [potion of mutation]
 88408 | Zot:2    | Lost mutation: You are occasionally teleported next to
                  | monsters. [potion of mutation]
 88408 | Zot:2    | Gained mutation: You have an increased reservoir of magic.
                  | (+10% MP) [potion of mutation]
 88408 | Zot:2    | Gained mutation: You possess an exceptional clarity of
                  | mind. [potion of mutation]
 88651 | Zot:2    | Noticed Vv
 88655 | Zot:2    | Killed Vv
 91572 | Zot:5    | Entered Level 5 of the Realm of Zot
 92492 | Zot:5    | Reached skill level 15 in Invocations
 92604 | Zot:5    | Noticed an ancient lich
 92606 | Zot:5    | Noticed an orb of fire
 92608 | Zot:5    | Killed an ancient lich
 92609 | Zot:5    | Reached skill level 27 in Air Magic
 92613 | Zot:5    | Killed an orb of fire
 92779 | Zot:5    | Noticed an orb of fire
 92784 | Zot:5    | Killed an orb of fire
 92806 | Zot:5    | Noticed a Killer Klown
 92807 | Zot:5    | Noticed an orb of fire
 92809 | Zot:5    | Killed a Killer Klown
 92809 | Zot:5    | Noticed a Killer Klown
 92810 | Zot:5    | Noticed an orb of fire
 92812 | Zot:5    | Killed an orb of fire
 92812 | Zot:5    | Killed a Killer Klown
 92816 | Zot:5    | Killed an orb of fire
 92818 | Zot:5    | Noticed an orb of fire
 92824 | Zot:5    | Killed an orb of fire
 92961 | Zot:5    | Noticed an orb of fire
 92965 | Zot:5    | Killed an orb of fire
 92966 | Zot:5    | Reached XP level 25. HP: 218/235 MP: 42/49
 92988 | Zot:5    | Noticed a Killer Klown
 92992 | Zot:5    | Killed a Killer Klown
 93184 | Zot:5    | Noticed an ancient lich
 93186 | Zot:5    | Received a gift from Sif Muna
 93187 | Zot:5    | Killed an ancient lich
 93188 | Zot:5    | Noticed an orb of fire
 93190 | Zot:5    | Noticed an orb of fire
 93194 | Zot:5    | Killed an orb of fire
 93197 | Zot:5    | Gained mutation: You are frail. (-10% HP) [an orb of fire]
 93199 | Zot:5    | Killed an orb of fire
 93258 | Zot:5    | Noticed an orb of fire
 93262 | Zot:5    | Killed an orb of fire
 93518 | Zot:5    | Noticed an orb of fire
 93519 | Zot:5    | Gained mutation: You occasionally shout uncontrollably at
                  | your foes. [an orb of fire]
 93522 | Zot:5    | Gained mutation: Your spells are a little easier to cast,
                  | but a little less powerful. [an orb of fire]
 93523 | Zot:5    | Killed an orb of fire
 93858 | Zot:5    | Got the Orb of Zot
 94025 | Zot:2    | Noticed Hodod the pandemonium lord
 94030 | Zot:2    | Killed Hodod the pandemonium lord
 94256 | D:12     | Noticed a seraph
 94265 | D:12     | Killed a seraph
 94353 | D:8      | Noticed Tirr the pandemonium lord
 94360 | D:8      | Killed Tirr the pandemonium lord
 94421 | D:4      | Noticed a seraph
 94505 | D:$      | Escaped with the Orb!

Illustrated notes

Levels and vault maps discovered:
D:1:      denvon_arrival_planthouse, layout_loops_ring,
          dilly_ecumenical_altar_fadedgnrine, minivault_5, st_stairs_5
D:2:      minmay_kobold_bridge, layout_basic, basic_altar
D:3:      layout_loops_corners, nicolae_overflow_quartered_altars,
          mainiacjoe_overflow_alcove_4, minmay_curled_crystal,
          dreamdust_wishing_well, chequers_jeans, kennysheep_orc_chapel
D:4:      layout_cave_pods
D:5:      layout_basic, mainiacjoe_overflow_cross_hatched
D:6:      layout_rooms, led_sif_pool, minmay_temple_entry_overgrown,
          serial_shops, nicolae_shop_waterfront, hellmonk_bongcloud_opening,
          minmay_misc_feat_chi, wad_rectangle_vault, uniq_blork_the_orc,
          uniq_edmund
D:7:      layout_rooms, zin_treasury, kennysheep_little_box,
          nicolae_shop_sticking_my_neck_out
D:8:      layout_loops_ring
D:9:      layout_loops_ring, erik_lair_island, david_orc_3,
          roderic_serpentine_path, solitary_fountain
D:10:     layout_rooms
D:11:     layout_loops_ring, nicolae_trove_entry_path_of_doom, uniq_urug,
          uniq_nergalle, uniq_sonja
D:12:     layout_basic
D:13:     minmay_ornate_pinched, layout_basic, david_vaults_5, serial_curves,
          eino_curves_04, eino_curves_01, portal_ice_cave_entry_pillars_1,
          minivault_25
D:14:     layout_long_grid, corexii_hall_statues_x, hangedman_decor_slide_cut
D:15:     grunt_enter_depths_snipers, layout_basic, dreamdust_mushroom_princess
Temple:   oiseaux_autumnal_temple
Lair:1:   layout_loops_ring, lemuel_fruit_fields
Lair:2:   layout_roguey, skrybe_swamp_entry_bodies,
          nicolae_spider_entry_orb_guardian, nicolae_quartered_pool_super,
          lemuel_fruit_fields
Lair:3:   layout_gridlike, forest_entry_grove, infiniplex_staircase_pool_2,
          serial_bayou_shore_b
Lair:4:   layout_regular_city, grunt_megastairs_1
Lair:5:   layout_hall_layers, st_stairs_12
Lair:6:   minmay_lair_end_enchanted_forest, layout_misc_corridors, slime_altar_1
Swamp:1:  layout_basic_swamp, evilmike_swamp_ruin_house_6
Swamp:2:  layout_falls_marsh, evilmike_swamp_ruin_rubble_1, swamp_pool3,
          lightli_tree_ring
Swamp:3:  layout_basic_swamp, evilmike_swamp_ruin_house_3, uniq_kirke
Swamp:4:  swamp_vile, layout_basic_swamp
Spider:1: layout_spider_delve
Spider:2: layout_spider_delve, nicolae_spider_swamp_cousins
Spider:3: layout_spider_delve
Spider:4: grunt_spider_rune_circles
Slime:1:  layout_caves, cheibrodos_slime_lost_civilization_7
Slime:2:  layout_caves
Slime:3:  layout_caves
Slime:4:  layout_caves, uniq_dissolution
Slime:5
Orc:1:    layout_diamond_mine
Orc:2:    grunt_orc_tribal_feast, layout_diamond_mine, serial_shops, shop_statue
Elf:1:    eino_elf_arrival_the_gate, layout_loops_cross, minmay_elf_sorcery,
          minmay_shop_star
Elf:2:    elven_hall_of_blades_hangedman_original
          [nicolae_vaults_blade_armed_guards], layout_rooms, serial_shops, shop,
          nicolae_twisting_strands, serial_sigils_hangedman_gut,
          nicolae_shop_clearance
Elf:3:    minmay_elf_hall_hex, layout_loops_corners, lemuel_statue_altar,
          nicolae_elf_altarnating
Vaults:1: nicolae_vaults_good_morning_starshine, v_rooms_3,
          vaults_mumra_hexcomb, vaults_dpeg_cross, vaults_room_fours,
          vaults_room_door_hall, v_misc_2, v_rooms_4, ontoclasm_vaults_twist,
          ontoclasm_vaults_loading_screen, vaults_room_ringed_pool,
          layout_vaults_maze
Vaults:2: vaults_room_stairs_pillars, st_cross, vaults_room_grid,
          minmay_crypt_entry_simple_plaza, v_misc_3, ontoclasm_vaults_tryst,
          nicolae_vaults_three_branches, layout_vaults_omnigrid, uniq_nikola
Vaults:3: vaults_room_pools, nicolae_vaults_diagonal_hallway_8,
          hangedman_vaults_nails, grunt_vaults_funnel, nicolae_vaults_theta,
          v_misc_32, grunt_vaults_diagonal, door_vault,
          nicolae_vaults_what_the_h, nicolae_vaults_rhombus_5, v_misc_15,
          nicolae_vaults_mini_display_case, nicolae_vaults_little_ls,
          vaults_room_fours, layout_vaults_big_cross
Vaults:4: hangedman_vaults_nails, hangedman_vaults_corner_blocks, v_pattern_5,
          v_misc_31, nicolae_vaults_twisting_passages, v_misc_8,
          nicolae_vaults_circle_grid_b, vaults_mumra_chevron, v_alt_pattern_3,
          nicolae_vaults_know_your_exits, v_misc_26,
          nicolae_vaults_little_squares_4, nicolae_vaults_rhombus_5,
          layout_vaults_ring
Depths:1: layout_basic, grunt_mini_vestibule, serial_sigils_hangedman_carve,
          tso_altar, minmay_shoptagon, firewood_loft, serial_bayou_shore_b
Depths:2: minmay_skeleton_keep, layout_cave_pools, enter_ziggurat_b,
          abyss_entry_small_statue_room, pf_hell_entry_tar_river, serial_shops,
          kennysheep_mini_moat, grunt_pan_entry_spiral, okawaru_trees_1
Depths:3: minmay_the_grid_four_pointed_star
          [minmay_the_grid_triangle_9x9_intruding_spiral,
          minmay_the_grid_triangle_9x9_skeleton,
          minmay_the_grid_triangle_9x9_corruption,
          minmay_the_grid_triangle_9x9_wacky_v,
          minmay_the_grid_prize_shrinking_boxes], layout_basic, abyss_entry,
          nrook_pool_corridor, grunt_hell_entry_dis_mu
Depths:4: evilmike_zot_entry_hall, layout_gridlike, hell_entry,
          abyss_entry_crystal, roderic_lattice_octagonal_star
Zot:1:    layout_onion_interference, nicolae_lava_and_water
Zot:2:    grunt_zot_stairs_overgrown, layout_concentric_octagons, uniq_vv
Zot:3:    layout_cathedral_of_symmetry, st_stairs_11
Zot:4:    grunt_twist_and_shout, layout_cathedral_of_symmetry
Zot:5:    layout_onion, st_stairs_14

Skill      XL: |  1  2  3  4  5  6  7  8  9 10 11 12 13 14 15 16 17 18 19 20 21 22 23 24 25 |
---------------+----------------------------------------------------------------------------+-----
Fighting       | 1 2 3 4 6 8 10 11 13 14 15 16 17 19 21 22 | 22.7
Conjurations   | 2 3 4 6 8 10 11 12 13 14 15 17 18 19 | 19.4
Invocations    | 1 3 7 8 10 12 15 | 15.0
Poison Magic   | 1 2 |  2.4
Spellcasting   | 4 6 7 8 10 11 12 13 15 16 17 18 | 18.8
Air Magic      | 1 2 4 6 7 10 11 13 14 17 19 20 21 22 24 25 27 | 27.0
Stealth        | 3 4 5 |  5.0
Short Blades   | 2 4 5 |  5.0
Fire Magic     | 3 |  3.9
Dodging        | 5 6 7 9 10 11 12 13 15 16 17 | 17.0
Ice Magic      | 8 |  8.1
Shields        | 3 4 |  4.9
Summonings     | |  1.0
Translocations | |  1.0

Action                   |  1- 3 |  4- 6 |  7- 9 | 10-12 | 13-15 | 16-18 | 19-21 | 22-24 | 25-27 || total
-------------------------+-------+-------+-------+-------+-------+-------+-------+-------+-------++-------
Melee: Dagger            |    98 |   141 |   411 |   749 |   484 |       |       |       |       ||  1883
       Tailslap          |    11 |    28 |    77 |   160 |   112 |    31 |    34 |    40 |       ||   493
       Punch             |     1 |     1 |     7 |    15 |     7 |       |       |       |       ||    31
       Staff             |       |       |       |       |    59 |   146 |   153 |   147 |       ||   505
Throw: Dart              |    18 |    41 |     6 |     1 |       |       |       |       |       ||    66
       Throwing net      |       |       |       |       |       |       |     1 |       |       ||     1
 Cast: Magic Dart        |    99 |    82 |    10 |     4 |       |       |       |       |       ||   195
       Call Imp          |       |    10 |    17 |    15 |       |       |       |       |       ||    42
       Mephitic Cloud    |       |     8 |    68 |    98 |    31 |       |       |       |       ||   205
       Sticky Flame      |       |       |       |    28 |    22 |     1 |       |       |       ||    51
       Lightning Bolt    |       |       |       |    28 |   173 |    12 |   139 |    20 |       ||   372
       Conjure Ball Ligh |       |       |       |       |   204 |   307 |   153 |       |       ||   664
       Ozocubu's Armour  |       |       |       |       |    14 |    20 |       |       |       ||    34
       Freezing Cloud    |       |       |       |       |    43 |    64 |     7 |       |       ||   114
       Maxwell's Capacit |       |       |       |       |       |    78 |    79 |    42 |    13 ||   212
       Orb of Destructio |       |       |       |       |       |       |    49 |    16 |     5 ||    70
       Cause Fear        |       |       |       |       |       |       |     1 |       |       ||     1
       Chain Lightning   |       |       |       |       |       |       |     4 |   334 |    44 ||   382
       Dragon's Call     |       |       |       |       |       |       |     1 |       |       ||     1
       Irradiate         |       |       |       |       |       |       |       |     7 |       ||     7
Invok: Channel Magic     |       |       |       |     2 |    25 |    20 |    12 |    12 |     2 ||    73
       Divine Exegesis   |       |       |       |       |       |     1 |     2 |       |       ||     3
 Abil: Breathe Lightning |       |       |     5 |     6 |     1 |     1 |       |     1 |       ||    14
Evoke: Condenser vane    |       |       |       |       |       |     3 |     2 |       |       ||     5
       Wand              |       |       |       |       |       |     3 |     4 |       |       ||     7
  Use: Scroll            |     5 |     2 |    10 |     6 |    16 |    14 |     9 |     5 |     1 ||    68
       Potion            |       |       |     1 |       |     1 |    19 |    12 |    14 |     9 ||    56
 Stab: Sleeping          |       |     4 |     4 |     4 |       |       |       |     2 |       ||    14
       Confused          |       |     5 |    31 |    56 |    13 |       |       |       |       ||   105
       Distracted        |       |     1 |     1 |     1 |       |       |       |     1 |       ||     4
Armor: Skin              |    30 |    54 |   137 |   272 |   416 |   505 |   197 |   136 |     4 ||  1751
Dodge: Dodged            |    68 |   125 |   236 |   379 |   573 |   474 |   281 |   254 |     1 ||  2391
Block: Buckler           |       |       |       |       |    46 |   178 |   123 |   128 |     2 ||   477

Table legend: (Time is in decaauts)
 A = Elapsed time spent in this place.
 B = Non-inter-level travel time spent in this place.
 C = Inter-level travel time spent in this place.
 D = Time resting spent in this place.
 E = Time spent auto-exploring this place.
 F = Levels seen in this place.
 G = Mean time per level.
                   A        B        C        D        E       F      G
               +--------+--------+--------+--------+--------+-----+--------+
         Total |  94500 |  87065 |   7435 |  17268 |  54695 |  54 | 1750.0 |
       Dungeon |  23284 |  20585 |   2699 |   2606 |  13995 |  15 | 1552.3 |
        Temple |    336 |    336 |      0 |    306 |      0 |   1 |  336.0 |
          Lair |  14370 |  13042 |   1328 |   3692 |   6929 |   6 | 2395.0 |
         Swamp |   6030 |   5718 |    312 |    987 |   3754 |   4 | 1507.5 |
   Spider Nest |   8508 |   7805 |    703 |   1942 |   4484 |   4 | 2127.0 |
    Slime Pits |   3215 |   3042 |    173 |   1415 |   1096 |   5 |  643.0 |
  Orcish Mines |   2416 |   1936 |    480 |     51 |   1507 |   2 | 1208.0 |
   Elven Halls |   5544 |   5193 |    351 |    615 |   3352 |   3 | 1848.0 |
        Vaults |  10196 |   9902 |    294 |    956 |   7431 |   4 | 2549.0 |
        Depths |  13187 |  12393 |    794 |   3195 |   7812 |   4 | 3296.8 |
           Zot |   6004 |   5708 |    296 |   1448 |   3260 |   5 | 1200.8 |
      Ice Cave |   1405 |   1405 |      0 |     55 |   1073 |   1 | 1405.0 |
               +--------+--------+--------+--------+--------+-----+--------+

Top non-repeatable levels by time:
  Lair:5: 4300 daAuts
Depths:3: 3701 daAuts
Depths:4: 3631 daAuts
Depths:1: 3134 daAuts
Vaults:1: 2988 daAuts
Spider:1: 2966 daAuts
Depths:2: 2720 daAuts
  Lair:6: 2720 daAuts
    D:15: 2695 daAuts
Vaults:4: 2668 daAuts
     D:3: 2542 daAuts
Vaults:3: 2540 daAuts
Spider:2: 2414 daAuts
   Elf:1: 2394 daAuts
    D:13: 2337 daAuts
